 Dungeon Crawl Stone Soup version 0.22.1-2-g9c5b331 (webtiles) character file.

1992 WarriorsX the Ducker (level 9, -1/69 (71) HPs)
             Began as a Human Fighter on Dec 9, 2018.
             Was an Initiate of Qazlal.
             Slain by Duvessa
             ... wielding a +1 short sword of venom
              (5 damage)
             ... on level 6 of the Dungeon.
             The game lasted 00:30:23 (4511 turns).

WarriorsX the Ducker (Human Fighter)                Turns: 4511, Time: 00:30:24

HP:   -1/69 (71)    AC: 10    Str: 20    XL:     9   Next: 44%
MP:   9/9           EV: 13    Int:  9    God:    Qazlal [......]
Gold: 187           SH:  0    Dex: 12    Spells: 8/8 levels left

rFire    . . .     SeeInvis .   a - +1 long sword
rCold    . . .     Gourm    .   (no shield)
rNeg     . . .     Faith    .   b - +1 scale mail
rPois    .         Spirit   .   o - +0 helmet
rElec    .         Reflect  .   s - +0 cloak
rCorr    .         Harm     .   (no gloves)
MR       .....                  (no boots)
Stlth    ..........             m - amulet of regeneration
HPRegen  0.61/turn              (no ring)
MPRegen  0.11/turn              (no ring)

@: lethally poisoned (-1 -> -55), hasted, very quick
A: no striking features
a: Renounce Religion


You were on level 6 of the Dungeon.
You worshipped Qazlal.
Qazlal was noncommittal.
You were not hungry.

You visited 1 branch of the dungeon, and saw 6 of its levels.

You collected 187 gold pieces.

Inventory:

Hand Weapons
 a - a +1 long sword (weapon)
 j - a +0 longbow
 k - a +1 falchion of holy wrath
 q - a +0 battleaxe
Armour
 b - a +1 scale mail (worn)
 c - a +0 shield
 o - a +0 helmet (worn)
 s - a +0 cloak (worn)
Jewellery
 m - an amulet of regeneration (around neck)
 n - an uncursed amulet of the acrobat {unknown}
 r - an uncursed ring of resist corrosion {unknown}
 v - a cursed ring of teleportation {unknown}
Scrolls
 e - 4 scrolls of teleportation
 g - 5 scrolls of remove curse
 h - a scroll of fog
 i - a scroll of magic mapping
 l - 4 scrolls of identify
 t - a scroll of enchant weapon
 w - a scroll of amnesia {unknown}
 x - a scroll of noise {unknown}
Potions
 d - 2 potions of might
 u - a potion of curing
 z - a potion of resistance {unknown}
Comestibles
 f - 9 rations


   Skills:
 - Level 6.5 Fighting
 - Level 6.0 Long Blades
 + Level 5.4 Armour
 - Level 7.0 Dodging
 - Level 3.1 Shields


You had 8 spell levels left.
You didn't know any spells.
Your spell library was empty.

Dungeon Overview and Level Annotations

Branches:
Dungeon (6/15)
 Temple: D:4-7

Altars:
Ashenzari
Dithmenos
Hepliaklqana
Makhleb
Nemelex Xobeh
Qazlal
Ru
Sif Muna
Vehumet

Shops:
D:5 [

Annotations:
D:4 Eustachio
D:5 Menkaure
D:6 Duvessa


Message History

Duvessa is severely wounded.
You feel very sick.
Duvessa hits you with a short sword of venom!
* * * LOW HITPOINT WARNING * * *
You are more poisoned.
You barely miss Duvessa.
Duvessa is severely wounded.
* * * LOW HITPOINT WARNING * * *
You feel very sick.
Duvessa hits you with a short sword of venom.
* * * LOW HITPOINT WARNING * * *
You are more poisoned.
Duvessa barely misses you.
You feel yourself speed up.
* * * LOW HITPOINT WARNING * * *
You feel very sick. Duvessa hits you but does no damage.
You are more poisoned.
Duvessa hits you with a short sword of venom.
You die...

...####.##.#.........#
.............##...#.##
###..[........)..#.
#..####.##.<.###.
#..###...##.## #. #
#..##..#....# #.
###.#####..##....#### #.
..........>#....########.
.⌠.⌠...e@....#...........
.._..####.##...#########e
.⌠.⌠ ##.##############.
... #.....≈e..e...o... (#
#..#.###.###.##### #..#.#
#.# #)# #..#.# #.###.#
#..#.# #.....#
..##.######..#


You could see Duvessa (berserk).

Vanquished Creatures
  Pikel (D:4)
  Grinder (D:3)
  2 ice beasts (D:5)
  A necrophage (D:5)
  An orc warrior (D:5)
  A sky beast (D:5)
  2 ogres
  Dowan (D:6)
  2 crimson imps
  A centaur zombie (D:5)
  3 orc priests
  3 hounds
  A bullfrog skeleton (D:6)
  Natasha (thrice) (D:3)
  3 orc wizards
  3 worker ants
  A hound skeleton (D:5)
  Robin (D:3)
  8 adders
  An adder zombie (D:5)
  An adder skeleton (D:5)
  2 dart slugs
  3 leopard geckos
  11 orcs
  6 bats
  6 giant cockroaches
  13 goblins
  9 hobgoblins
  8 jackals
  3 kobolds (D:1)
  A quokka (D:2)
  4 frilled lizards
  A jackal skeleton (D:6)
  A leopard gecko skeleton (D:5)
  6 rats
115 creatures vanquished.

Vanquished Creatures (others)
  A hound (D:5)
  3 jackals (D:5)
4 creatures vanquished.

Grand Total: 119 creatures vanquished

Notes
Turn   | Place    | Note
-------+----------+-------------------------------------------
     0 | D:1      | WarriorsX the Human Fighter began the quest for the Orb.
     0 | D:1      | Reached XP level 1. HP: 18/18 MP: 1/1
   294 | D:1      | Reached XP level 2. HP: 24/24 MP: 2/2
   697 | D:2      | Reached XP level 3. HP: 24/29 MP: 3/3
   835 | D:2      | Reached skill level 1 in Dodging
  1002 | D:2      | Reached XP level 4. HP: 26/35 MP: 4/4
  1044 | D:2      | Reached skill level 2 in Dodging
  1533 | D:3      | Found a sacrificial altar of Ru.
  1595 | D:3      | Noticed Natasha
  1619 | D:3      | Killed Natasha
  1619 | D:3      | Reached XP level 5. HP: 29/41 MP: 5/5
  1812 | D:3      | Noticed Natasha
  1824 | D:3      | Killed Natasha
  1881 | D:3      | Noticed Robin
  1919 | D:3      | Killed Robin
  1919 | D:3      | Reached XP level 6. HP: 46/48 MP: 6/6
  1989 | D:3      | Noticed Natasha
  1994 | D:3      | Killed Natasha
  1994 | D:3      | Reached skill level 3 in Dodging
  2280 | D:3      | Found a burning altar of Makhleb.
  2333 | D:3      | Noticed Grinder
  2354 | D:3      | Killed Grinder
  2354 | D:3      | Reached skill level 5 in Armour
  2354 | D:3      | Reached XP level 7. HP: 23/54 MP: 7/7
  2575 | D:4      | Found a shadowy altar of Dithmenos.
  2820 | D:4      | Reached skill level 5 in Long Blades
  2933 | D:4      | Found a hazy altar of Hepliaklqana.
  3043 | D:4      | Found a shattered altar of Ashenzari.
  3044 | D:4      | Noticed Eustachio
  3100 | D:5      | Entered Level 5 of the Dungeon
  3100 | D:5      | Noticed Pikel
  3114 | D:4      | Killed Pikel
  3114 | D:4      | Reached XP level 8. HP: 39/65 MP: 8/8
  3349 | D:5      | Noticed a water elemental
  3355 | D:5      | Reached skill level 4 in Dodging
  3361 | D:5      | Found a stormy altar of Qazlal.
  3364 | D:5      | Noticed an air elemental
  3365 | D:5      | Noticed a fire elemental
  3411 | D:5      | Found a deep blue altar of Sif Muna.
  3411 | D:5      | Found a radiant altar of Vehumet.
  3488 | D:5      | Reached XP level 9. HP: 41/69 MP: 9/9
  3520 | D:5      | Found Poleipt's Armour Emporium.
  3652 | D:5      | Noticed Menkaure
  3746 | D:5      | Became a worshipper of Qazlal Stormbringer
  3767 | D:6      | Reached skill level 5 in Dodging
  3788 | D:6      | Noticed Duvessa
  3788 | D:6      | Noticed Dowan
  3837 | D:5      | Paralysed by fainting for 12 turns
  3855 | D:4      | Paralysed by fainting for 5 turns
  3983 | D:5      | Reached skill level 6 in Dodging
  4399 | D:5      | Reached skill level 7 in Dodging
  4469 | D:6      | Killed Dowan
  4495 | D:6      | Found a sparkling altar of Nemelex Xobeh.
  4511 | D:6      | Slain by Duvessa

Skill      XL: |  1  2  3  4  5  6  7  8  9 |
---------------+----------------------------+-----
Long Blades    | 3 4 5 6 |  6.0
Dodging        | 1 2 3 4 7 |  7.0
Fighting       | 4 6 |  6.5
Armour         | 5 |  5.4
Shields        | |  3.1

Action                   |  1- 3 |  4- 6 |  7- 9 || total
-------------------------+-------+-------+-------++-------
Melee: Long sword        |    92 |   199 |   275 ||   566
  Use: Scroll            |       |     6 |     1 ||     7
       Potion            |       |     4 |     1 ||     5
  Eat: Chunk             |       |     5 |     5 ||    10
       Ration            |       |       |     1 ||     1
Armor: Scale mail        |    65 |    85 |   121 ||   271
Dodge: Dodged            |    38 |    76 |   144 ||   258
Block: Shield            |    70 |   100 |    37 ||   207
       Rpst.: Long sword |    12 |    27 |    44 ||    83
